Map: Proxima Station LE

Players

Serral

  • Race: Zerg Zerg
  • League: Master
  • Spawn Location: 1:00

LiquidSnute (Snute) - Winner!

  • Race: Zerg Zerg
  • League: Master
  • Spawn Location: 7:00

Event: HomeStory Cup XV

VOD

Have the link to the VOD?

Description

Time

  • Played on: July 22, 2017, 10:27 a.m.
  • Length: 10:11

All games in this series

Show
View Real Time Build Order
Export as new Build Order

Serral Zerg 

Build Orders: Hatch First 

Get SALT Encoding   

  12  0:00  Drone  
  13  0:13  Overlord  
  13  0:17  Drone  
  14  0:31  Drone x2  
  14  0:34  Drone  
  17  0:54  Hatchery  
  17  0:56  Drone  
  17  1:09  Spawning Pool  
  16  1:11  Drone  
  16  1:15  Drone  
  18  1:34  Hatchery  
  18  1:38  Drone  
  18  1:42  Drone  
  18  1:45  Drone  
  20  1:56  Queen  
  22  2:06  Queen  
  22  2:07  Drone  
  25  2:12  Overlord  
  25  2:16  Zergling x2  
  25  2:18  Drone  
  25  2:20  Drone  
  28  2:30  Drone  
  28  2:32  Queen, Drone  
  33  2:37  Drone  
  33  2:39  Drone  
  34  2:48  Overlord  
  34  2:50  Drone x2  
  36  2:56  Drone  
  37  2:59  Drone x2  
  37  3:03  Extractor x2  
  37  3:05  Drone x2  
  39  3:06  Drone  
  39  3:08  Drone x2  
  39  3:10  Drone  
  39  3:12  Overlord  
  43  3:14  Drone  
  43  3:15  Drone  
  43  3:19  Evolution Chamber, Drone  
  44  3:22  Drone  
  44  3:23  Drone  
  46  3:29  Drone x2  
  46  3:32  Overlord  
  48  3:36  Drone x3  
  48  3:40  Drone  
  52  3:45  Drone x4  
  52  3:46  Drone  
  57  3:50  Zerg Missile Weapons Level 1  
  57  3:53  Drone x2  
  57  3:54  Drone  
  60  3:59  Drone x2  
  60  4:01  Extractor  
  61  4:05  Lair  
  61  4:08  Roach Warren, Drone x2  
  62  4:12  Drone x3  
  62  4:13  Drone  
  66  4:19  Overlord  
  66  4:26  Overlord  
  66  4:30  Extractor  
  66  4:31  Extractor  
  64  4:32  Drone x2, Overlord  
  64  4:37  Drone x6  
  72  4:40  Drone x2, Overlord  
  72  4:41  Extractor  
  73  4:51  Roach  
  73  4:52  Roach x4  
  83  5:01  Roach  
  83  5:02  Roach x4  
  83  5:03  Glial Reconstitution  
  83  5:06  Overseer  
  93  5:10  Overlord  
  93  5:11  Overlord  
  93  5:16  Roach x2  
  97  5:25  Hatchery  
  97  5:26  Overlord  
  96  5:30  Overlord  
  96  5:31  Roach x4  
  96  5:32  Roach x5  
  114  5:40  Overlord x2  
  114  5:45  Overlord  
  114  5:46  Overlord  
  114  5:49  Roach  
  116  5:54  Roach x2  
  120  5:58  Overlord x2  
  120  6:02  Roach  
  120  6:03  Roach x4  
  130  6:06  Zerg Missile Weapons Level 2  
  130  6:09  Ravager x4  
  134  6:12  Roach x2  
  134  6:13  Roach x2  
  134  6:17  Overlord  
  142  6:19  Roach  
  142  6:24  Roach  
  146  6:29  Roach x6  
  158  6:37  Queen  
  158  6:38  Ravager  
  158  6:39  Ravager  
  162  6:41  Roach x3  
  168  6:48  Overlord x3  
  168  6:57  Roach  
  168  6:58  Roach x5  
  174  7:03  Overlord x2  
  174  7:05  Ravager x2  
  176  7:10  Roach  
  176  7:11  Roach x6  
  190  7:19  Roach x4  
  198  7:41  Roach  
  200  7:45  Overlord  
  188  7:52  Roach  
  188  7:53  Roach x6  
  198  7:58  Spine Crawler  
  198  7:59  Spine Crawler  
  198  8:01  Spine Crawler  
  179  8:13  Roach x11  
  193  8:26  Overseer x2  
  187  8:29  Overseer  
  187  8:31  Overseer  
  187  8:40  Ravager x6  
  187  8:53  Roach  
  187  8:54  Roach x5  
  199  8:57  Ravager  
  196  9:09  Roach  
  180  9:10  Roach x11  
  180  9:15  Roach x6  
  159  9:20  Roach  
  144  9:27  Roach Warren, Roach  
  144  9:31  Roach  
  127  9:36  Drone  
  88  9:52  Zergling x10  
Show
View Real Time Build Order
Export as new Build Order

LiquidSnute Zerg - Winner!

Build Orders: Hatch First 

Get SALT Encoding   

  12  0:00  Drone  
  13  0:12  Overlord  
  13  0:17  Drone  
  14  0:30  Drone x2  
  14  0:34  Drone  
  17  0:53  Hatchery  
  17  0:54  Drone  
  17  0:57  Drone  
  18  1:10  Spawning Pool  
  17  1:14  Drone  
  18  1:33  Hatchery  
  18  1:36  Drone  
  19  1:40  Drone  
  19  1:42  Drone  
  20  1:56  Queen  
  22  2:04  Queen  
  22  2:07  Overlord  
  24  2:10  Drone  
  24  2:12  Drone  
  27  2:15  Drone  
  27  2:18  Drone  
  28  2:25  Drone  
  28  2:26  Drone  
  30  2:32  Queen  
  30  2:33  Drone  
  33  2:38  Drone  
  33  2:42  Overlord  
  34  2:46  Drone  
  34  2:47  Drone  
  36  2:53  Drone  
  36  2:56  Drone  
  36  2:57  Extractor x2  
  36  2:58  Drone  
  36  3:04  Zergling x2  
  36  3:05  Drone x3  
  41  3:12  Drone  
  42  3:13  Drone x4  
  42  3:16  Overlord  
  42  3:18  Drone  
  47  3:22  Drone  
  48  3:27  Overlord  
  48  3:28  Drone  
  48  3:33  Drone  
  50  3:37  Drone  
  50  3:38  Drone  
  50  3:40  Drone x2  
  50  3:41  Drone  
  55  3:42  Lair  
  55  3:44  Drone x3  
  55  3:47  Drone  
  59  3:50  Overlord  
  59  3:51  Drone x3  
  62  3:57  Evolution Chamber  
  62  3:59  Drone  
  62  4:00  Roach Warren  
  62  4:01  Drone  
  62  4:03  Drone  
  62  4:04  Drone  
  62  4:05  Extractor  
  62  4:06  Drone  
  62  4:07  Extractor  
  63  4:10  Extractor, Drone  
  63  4:14  Drone x4  
  63  4:16  Drone  
  68  4:18  Drone x2  
  68  4:19  Drone  
  68  4:20  Drone  
  68  4:21  Drone  
  68  4:22  Drone  
  73  4:24  Zerg Missile Weapons Level 1  
  73  4:26  Overlord  
  73  4:28  Overlord  
  73  4:32  Overlord  
  73  4:37  Overlord x2  
  73  4:39  Glial Reconstitution  
  73  4:45  Overlord x2  
  73  4:51  Roach x5  
  83  4:57  Roach x3  
  89  5:04  Hatchery  
  89  5:06  Roach x2  
  92  5:13  Ravager  
  92  5:14  Ravager x3  
  96  5:15  Roach x3  
  102  5:22  Roach x3  
  102  5:25  Roach x2  
  112  5:31  Overlord x2  
  112  5:36  Roach  
  112  5:37  Roach x6  
  112  5:38  Overlord  
  112  5:41  Overlord  
  126  5:46  Roach x2  
  130  5:50  Roach x2  
  130  5:53  Roach  
  130  5:54  Roach x2  
  130  5:57  Queen  
  140  6:00  Roach  
  140  6:01  Overlord  
  144  6:05  Roach  
  144  6:06  Roach x3  
  144  6:09  Roach  
  144  6:10  Roach  
  156  6:13  Extractor  
  156  6:16  Roach x2  
  159  6:20  Zerg Missile Weapons Level 2  
  159  6:24  Roach x3  
  165  6:28  Roach x2  
  165  6:30  Overlord  
  169  6:34  Roach x3  
  169  6:39  Overlord  
  175  6:47  Overlord  
  175  6:51  Drone x5  
  175  6:52  Drone  
  178  6:57  Roach x3  
  178  6:58  Overlord  
  178  7:00  Roach x4  
  191  7:02  Tunneling Claws  
  191  7:03  Burrow  
  191  7:06  Roach x2  
  195  7:16  Overlord x2  
  195  7:22  Extractor, Roach x2  
  198  7:23  Ravager x2  
  193  7:40  Roach x5  
  193  7:48  Roach x3  
  193  7:49  Roach x4  
  172  8:03  Roach x9  
  172  8:04  Roach x2  
  179  8:11  Roach x3  
  180  8:20  Ravager  
  179  8:27  Roach  
  179  8:28  Roach x65  
  181  8:44  Roach  
  181  8:45  Roach x2  
  185  8:54  Roach  
  145  9:15  Roach x6  
  127  9:23  Roach x2  
  117  9:34  Roach  
  117  9:35  Roach x2  
  112  9:41  Roach x23  
  102  9:46  Roach  
Tags
 
Add a new tag
Caveats
  • Supply blocks, unpowered buildings, or Contaminate may cause inaccurate times.
  • Supply counts are checked every 10 seconds.